[Event "ICC tourney 2523 (60 10)"]
[Site "Internet Chess Club"]
[Date "2021.04.18"]
[Round "4"]
[White "VADIVELU, SAM G:SGVChess"]
[Black "GERA, NEIL C:neilgera"]
[Result "1-0"]
[ICCResult "Black checkmated"]
[WhiteElo "821"]
[BlackElo "721"]
[Opening "Queen's pawn, Mason variation"]
[ECO "D00"]
[NIC "QP.08"]
[Time "10:00:47"]
[PlyCount "55"]
[TimeControl "3600+10"]

1. d4 d5 2. Bf4 Nf6 3. Nd2 Bf5 4. Ngf3 e6 5. a3 Bd6 6. Ne5 O-O 7. e3 Qe8 8.
Bd3 Bxd3 9. Nxd3 Qe7 10. Qf3 Nc6 11. Ne5 Bxe5 12. dxe5 Nd7 13. Qg3 g6 14.
Bh6 Rfe8 15. Nf3 a5 16. O-O Qc5 17. c3 Qb5 18. b4 axb4 19. cxb4 Ne7 20. Nd4
Qb6 21. Bf4 c5 22. bxc5 Qxc5 23. Nf3 Rxa3 24. Rxa3 Qxa3 25. Qh3 Rc8 26. Ng5
Rc1 27. Qxh7+ Kf8 28. Qxf7# { Black checkmated } 1-0

[Event "ICC tourney 2523 (60 10)"]
[Site "Internet Chess Club"]
[Date "2021.04.18"]
[Round "4"]
[White "SONI, ROHAN KAUL:rohanksoni"]
[Black "SANTIAGO, WYATT:FierceLeopard"]
[Result "1-0"]
[ICCResult "Black checkmated"]
[WhiteElo "374"]
[BlackElo "642"]
[Opening "Giuoco Piano: four knights variation"]
[ECO "C47"]
[NIC "KP.06"]
[Time "10:00:45"]
[PlyCount "47"]
[TimeControl "3600+10"]

1. e4 e5 2. Nf3 Nc6 3. Nc3 Nf6 4. Bc4 Bc5 5. O-O d6 6. d3 Bg4 7. Qe2 Nd4 8.
Qd1 O-O 9. Be3 Nxf3+ 10. gxf3 Bh3 11. Re1 Bxe3 12. Rxe3 Nh5 13. f4 Nxf4 14.
Nd5 Qg5+ 15. Rg3 Qh4 16. Nxc7 Rad8 17. Nb5 d5 18. exd5 Nxd5 19. Bxd5 Rxd5
20. Nc7 Rd4 21. Nb5 Rf4 22. Qe1 Rg4 23. Qxe5 Rf4 24. Qxg7# { Black
checkmated } 1-0

[Event "ICC tourney 2523 (60 10)"]
[Site "Internet Chess Club"]
[Date "2021.04.18"]
[Round "4"]
[White "KARSTEN, ROWAN BRACK:RowanTheAwesome"]
[Black "ROSS, EVAN D:Evan2win"]
[Result "1-0"]
[ICCResult "Black resigns"]
[WhiteElo "786"]
[BlackElo "866"]
[Opening "Caro-Kann defense"]
[ECO "B10"]
[NIC "CK.01"]
[Time "10:00:53"]
[PlyCount "29"]
[TimeControl "3600+10"]

1. e4 c6 2. Nf3 d5 3. exd5 cxd5 4. d4 Bg4 5. Be2 e6 6. Nc3 Nc6 7. O-O Bb4
8. Ne5 Bxe2 9. Qxe2 Nxd4 10. Qd3 Bxc3 11. bxc3 Nf5 12. Qb5+ Ke7 13. Qxb7+
Kf6 14. Nxf7 Qe7 15. Bg5+ { Black resigns } 1-0

[Event "ICC tourney 2523 (60 10)"]
[Site "Internet Chess Club"]
[Date "2021.04.18"]
[Round "4"]
[White "ADUSUMALLI, ANIRUDH SAI:Anichess2009"]
[Black "KLIPER, ALMA:AKliper"]
[Result "1-0"]
[ICCResult "Black checkmated"]
[WhiteElo "855"]
[BlackElo "662"]
[Opening "Giuoco Piano"]
[ECO "C50"]
[NIC "IG.02"]
[Time "10:00:37"]
[PlyCount "91"]
[TimeControl "3600+10"]

1. e4 e5 2. Nf3 Nc6 3. Bc4 Bc5 4. Nc3 d6 5. O-O Nf6 6. h3 O-O 7. d3 h6 8.
Be3 Bxe3 9. fxe3 Nb4 10. a3 d5 11. axb4 dxc4 12. Nxe5 cxd3 13. Qxd3 Qxd3
14. cxd3 Nh5 15. Kh2 f6 16. Ng6 Re8 17. g4 f5 18. gxh5 fxe4 19. Nxe4 Be6
20. Nc5 Rad8 21. Nxe6 Rxe6 22. e4 Ree8 23. Rf3 c6 24. Raf1 b6 25. d4 a6 26.
d5 cxd5 27. exd5 Re2+ 28. Kh1 Ree8 29. d6 Ra8 30. d7 Red8 31. Rf8+ Rxf8 32.
Rxf8+ Rxf8 33. Nxf8 Kxf8 34. d8=Q+ Kf7 35. Qxb6 Ke7 36. Qxa6 Kd7 37. b5 Ke7
38. b6 Ke6 39. b7+ Kf5 40. b8=Q Ke4 41. Qe6+ Kd3 42. Qd8+ Kc2 43. Qc4+ Kb1
44. Qd1+ Kxb2 45. Qdc2+ Ka3 46. Q4a4# { Black checkmated } 1-0

[Event "ICC tourney 2523 (60 10)"]
[Site "Internet Chess Club"]
[Date "2021.04.18"]
[Round "4"]
[White "SHAH, NIKHIL:NShah08"]
[Black "RODRIGUEZ, ANTHONY LORENZO:PlanetAntMan"]
[Result "0-1"]
[ICCResult "White checkmated"]
[WhiteElo "890"]
[BlackElo "579"]
[Opening "Ruy Lopez: exchange, Keres variation"]
[ECO "C68"]
[NIC "RL.08"]
[Time "10:01:26"]
[PlyCount "86"]
[TimeControl "3600+10"]

1. e4 e5 2. Nf3 Nc6 3. Bb5 a6 4. Bxc6 dxc6 5. Nc3 Nf6 6. d3 Bb4 7. Nxe5 Bg4
8. Nxg4 Nxg4 9. Qxg4 O-O 10. Bd2 h6 11. Bxh6 Bxc3+ 12. bxc3 Qf6 13. Bd2
Rae8 14. O-O Re5 15. Bg5 Rxg5 16. Qh3 Qg6 17. Rab1 Rh5 18. Qg3 Qf6 19. Rxb7
Rc8 20. Rxc7 Rxc7 21. Qxc7 Qxc3 22. Qd8+ Kh7 23. Rc1 Qd2 24. Rf1 Qxc2 25.
Qd7 Qxa2 26. Qxc6 a5 27. Qd7 a4 28. Qxf7 Qxf7 29. Ra1 Qa7 30. h3 a3 31. g4
Rxh3 32. e5 a2 33. e6 Rxd3 34. e7 Qxe7 35. Rxa2 Qe1+ 36. Kg2 Qe4+ 37. Kf1
Qc4 38. Re2 Rd1+ 39. Kg2 Qxe2 40. Kg3 Rg1+ 41. Kh4 Qxf2+ 42. Kh5 Qf3 43.
Kg5 Qxg4# { White checkmated } 0-1

[Event "ICC tourney 2523 (60 10)"]
[Site "Internet Chess Club"]
[Date "2021.04.18"]
[Round "4"]
[White "HAN, WILLIAM M:LionsWilliamH"]
[Black "LIAO, KATY LEE:KatyLiao"]
[Result "1-0"]
[ICCResult "Black checkmated"]
[WhiteElo "619"]
[BlackElo "857"]
[Opening "Two knights defense"]
[ECO "C58"]
[NIC "KP.01"]
[Time "10:01:26"]
[PlyCount "113"]
[TimeControl "3600+10"]

1. e4 e5 2. Nf3 Nc6 3. Bc4 Nf6 4. Ng5 d5 5. exd5 Na5 6. Bb5+ c6 7. dxc6
bxc6 8. Qh5 g6 9. Qf3 Bb7 10. Nc3 cxb5 11. Qe3 Bd6 12. Nxb5 O-O 13. d4 exd4
14. Qxd4 Nc6 15. Qd3 Ne5 16. Qg3 Qa5+ 17. Nc3 Qd8 18. Bf4 Re8 19. O-O-O Rc8
20. Bxe5 Bxe5 21. Rxd8 Bxg3 22. Rxe8+ Rxe8 23. hxg3 Ne4 24. Re1 Kf8 25.
Ngxe4 Bxe4 26. Nxe4 Kg7 27. f4 Re7 28. g4 f5 29. gxf5 gxf5 30. Kd2 fxe4 31.
g4 Kf6 32. g5+ Kf5 33. Ke3 Re6 34. Rd1 Re7 35. Rd5+ Kg4 36. c4 Kh4 37. b4
Kh5 38. c5 Kg6 39. Rd6+ Kf7 40. c6 Ke8 41. f5 Kf7 42. g6+ hxg6 43. fxg6+
Kg7 44. b5 Kg8 45. a4 Kg7 46. a5 Kg8 47. b6 axb6 48. axb6 Re8 49. c7 Rc8
50. b7 Rxc7 51. b8=Q+ Rc8 52. Qxc8+ Kg7 53. Qc5 Kh6 54. g7+ Kh7 55. g8=Q+
Kxg8 56. Qc7 Kf8 57. Rd8# { Black checkmated } 1-0

[Event "ICC tourney 2523 (60 10)"]
[Site "Internet Chess Club"]
[Date "2021.04.18"]
[Round "4"]
[White "SCHWEITZER, ANDREW HARRISON:mrandrew"]
[Black "LAMA, SUBRINA:sahysubrina"]
[Result "1-0"]
[ICCResult "Black checkmated"]
[WhiteElo "448"]
[BlackElo "872"]
[Opening "Sicilian: Alapin's variation (2.c3)"]
[ECO "B22"]
[NIC "SI.46"]
[Time "10:00:40"]
[PlyCount "77"]
[TimeControl "3600+10"]

1. e4 c5 2. c3 d6 3. d4 cxd4 4. cxd4 Nf6 5. Bd3 g6 6. Nf3 Bg7 7. Bg5 O-O 8.
O-O b6 9. Qd2 Ng4 10. h3 f6 11. Bh6 Nxh6 12. Bc4+ Nf7 13. Bd5 Nc6 14. Bxc6
Rb8 15. Bd5 Bd7 16. Kh1 Qc8 17. Ng1 Kh8 18. Rc1 Qa6 19. Qe2 Bh6 20. Qxa6
Bxc1 21. Nc3 Bxb2 22. Rb1 Bxc3 23. Qxa7 Bxd4 24. Qxd7 Bxf2 25. Qxe7 Rbe8
26. Qxf6+ Kg8 27. Bxf7+ Rxf7 28. Qxd6 Bg3 29. Qxg3 Rxe4 30. Rxb6 Rf1 31.
Qb8+ Kg7 32. Rb7+ Kh6 33. Qc7 Re2 34. Qxh7+ Kg5 35. Rb5+ Kf4 36. Kh2 Rxa2
37. Rb4+ Ke3 38. Qe7+ Kf2 39. Rf4# { Black checkmated } 1-0

[Event "ICC tourney 2523 (60 10)"]
[Site "Internet Chess Club"]
[Date "2021.04.18"]
[Round "4"]
[White "QUINONES, MADELYN:rycsMadelyn"]
[Black "LI, JIAMING:MingMing59"]
[Result "0-1"]
[ICCResult "White checkmated"]
[WhiteElo "600"]
[BlackElo "520"]
[Opening "Ruy Lopez: Berlin defense, Beverwijk variation"]
[ECO "C65"]
[NIC "RL.07"]
[Time "10:00:34"]
[PlyCount "70"]
[TimeControl "3600+10"]

1. e4 e5 2. Nf3 Nc6 3. Bb5 Nf6 4. O-O Bc5 5. Bxc6 dxc6 6. Nc3 Bg4 7. d3 h6
8. a3 Bxf3 9. Qxf3 O-O 10. Qg3 g6 11. Bxh6 Re8 12. Rfe1 Kh7 13. Qh3 Nh5 14.
Be3 Bb6 15. f3 Bxe3+ 16. Rxe3 Qg5 17. Rae1 Rad8 18. Qg3 Nxg3 19. hxg3 Qxg3
20. R1e2 g5 21. d4 exd4 22. Nd1 dxe3 23. Nxe3 Re6 24. Nf5 Qf4 25. g3 Qc1+
26. Kg2 Qxb2 27. Kf1 Rd1+ 28. Kf2 Qxa3 29. Ne3 Rh1 30. c4 Rh2+ 31. Ng2 Qc5+
32. Kf1 Qxc4 33. f4 gxf4 34. Nxf4 Rd6 35. e5 Rd1# { White checkmated } 0-1

[Event "ICC tourney 2523 (60 10)"]
[Site "Internet Chess Club"]
[Date "2021.04.18"]
[Round "4"]
[White "VUCETIC, LUCA K:LucaV"]
[Black "LUNA, LIAM:liamluna"]
[Result "0-1"]
[ICCResult "White checkmated"]
[WhiteElo "678"]
[BlackElo "989"]
[Opening "QGD: Marshall defense"]
[ECO "D06"]
[NIC "QP.08"]
[Time "10:00:38"]
[PlyCount "112"]
[TimeControl "3600+10"]

1. d4 d5 2. c4 Nf6 3. cxd5 Nxd5 4. e4 Nf6 5. Nc3 Nc6 6. Nf3 Bg4 7. Bc4 Bxf3
8. gxf3 Nxd4 9. e5 Nxf3+ 10. Kf1 Qxd1+ 11. Nxd1 Nxe5 12. Bg5 Nxc4 13. Bxf6
exf6 14. Rc1 Ne5 15. Rxc7 Rd8 16. Nc3 Bb4 17. Nb5 Rd1+ 18. Kg2 Rxh1 19.
Kxh1 O-O 20. Rxb7 Rd8 21. Nc7 g6 22. Rxb4 Rd1+ 23. Kg2 Nd3 24. Rd4 Rd2 25.
b4 Rxf2+ 26. Kg3 Rd2 27. b5 f5 28. a4 f4+ 29. Kf3 Ne1+ 30. Kg4 Rxd4 31. a5
Ra4 32. b6 f3+ 33. Kg3 axb6 34. axb6 Rb4 35. Nd5 Rb5 36. Kf2 Rxd5 37. Kxe1
Rb5 38. Kf2 Rxb6 39. Kxf3 Kg7 40. h4 f5 41. Kf4 Rf6 42. Kf3 f4 43. Kf2 f3
44. Kf1 h6 45. Kf2 g5 46. hxg5 hxg5 47. Kf1 g4 48. Kf2 g3+ 49. Kf1 g2+ 50.
Kf2 g1=Q+ 51. Kxg1 Kg6 52. Kf2 Kg5 53. Kf1 Kg4 54. Kf2 Re6 55. Kf1 Kg3 56.
Kg1 Re1# { White checkmated } 0-1

[Event "ICC tourney 2523 (60 10)"]
[Site "Internet Chess Club"]
[Date "2021.04.18"]
[Round "4"]
[White "yim, zachery Austin:KingZacAttack"]
[Black "WHELCHEL, EVAN:Ewhelchel"]
[Result "0-1"]
[ICCResult "White checkmated"]
[WhiteElo "777"]
[BlackElo "855"]
[Opening "Queen's pawn"]
[ECO "A40"]
[NIC "QO.17"]
[Time "10:00:50"]
[PlyCount "62"]
[TimeControl "3600+10"]

1. d4 c6 2. Nc3 d5 3. Bf4 Bf5 4. e3 Nf6 5. Nf3 Nbd7 6. a3 e6 7. Bd3 Bxd3 8.
Qxd3 Nb6 9. O-O Bd6 10. Bxd6 Qxd6 11. Rfe1 O-O 12. e4 Nc4 13. Rab1 e5 14.
dxe5 Nxe5 15. Nxe5 Qxe5 16. exd5 Qd6 17. dxc6 Qxc6 18. Ne4 Rfe8 19. Nxf6+
Qxf6 20. Rxe8+ Rxe8 21. Qd2 Qe6 22. h3 g6 23. Kf1 Qf6 24. c3 Qb6 25. b4
Qa6+ 26. Kg1 Qxa3 27. Rb3 Qxb3 28. Qd7 Qe6 29. Qxb7 Qe7 30. Qc7 Qxc7 31.
Kh1 Re1# { White checkmated } 0-1

[Event "ICC tourney 2523 (60 10)"]
[Site "Internet Chess Club"]
[Date "2021.04.18"]
[Round "4"]
[White "Owusu-Boakye, Kwame:KwamzChess"]
[Black "MISCHLER, HEIDI:SABHHMischler"]
[Result "1-0"]
[ICCResult "Black checkmated"]
[WhiteElo "713"]
[BlackElo "831"]
[Opening "Scotch: Schmidt variation"]
[ECO "C45"]
[NIC "SO.04"]
[Time "10:00:44"]
[PlyCount "49"]
[TimeControl "3600+10"]

1. e4 e5 2. Nf3 Nc6 3. d4 exd4 4. Nxd4 Nf6 5. Nc3 Bb4 6. f3 O-O 7. Be2 h6
8. Nf5 d5 9. exd5 Nxd5 10. O-O Nxc3 11. Qxd8 Re8 12. Qxe8+ Bf8 13. bxc3 Rb8
14. Ne3 Bf5 15. Qxb8 Nxb8 16. Nxf5 Nc6 17. Bb5 Nd8 18. Re1 c6 19. Re8 Ne6
20. Bc4 Nc7 21. Ne7+ Kh7 22. Rxf8 f6 23. Bd3+ g6 24. Bxg6+ Kg7 25. Rg8# {
Black checkmated } 1-0

[Event "ICC tourney 2523 (60 10)"]
[Site "Internet Chess Club"]
[Date "2021.04.18"]
[Round "4"]
[White "VETRI, PALMER:pvetri99"]
[Black "OSADCHAYA, ANNA:AnnaO"]
[Result "1-0"]
[ICCResult "Black checkmated"]
[WhiteElo "921"]
[BlackElo "758"]
[Opening "Sicilian: closed"]
[ECO "B23"]
[NIC "SI.44"]
[Time "10:00:43"]
[PlyCount "101"]
[TimeControl "3600+10"]

1. e4 c5 2. Nc3 g6 3. d4 cxd4 4. Qxd4 Nf6 5. Nf3 Bg7 6. Qd1 O-O 7. Bc4 Nc6
8. O-O d6 9. Bf4 e5 10. Bg5 Bg4 11. h3 Bxf3 12. Qxf3 h6 13. Bxf6 Bxf6 14.
Rad1 Nd4 15. Qd3 Rc8 16. b3 a6 17. Bd5 Qa5 18. Ne2 Rxc2 19. Nxd4 Rd2 20.
Qxd2 Qxd2 21. Rxd2 exd4 22. Bxb7 Rb8 23. Bxa6 Rb6 24. Bc4 Kf8 25. Rfd1 Ke7
26. Kf1 Kd7 27. Bxf7 Kc6 28. Bc4 Kc5 29. f3 g5 30. Rd3 Be5 31. Kf2 Bf4 32.
g3 Be3+ 33. Rxe3 dxe3+ 34. Kxe3 Kc6 35. h4 Rb7 36. Bd5+ Kc7 37. Bxb7 Kxb7
38. Rxd6 Ka7 39. Rxh6 Kb7 40. Kd4 gxh4 41. gxh4 Kc7 42. Kd5 Kd7 43. Re6 Kc7
44. Rd6 Kb7 45. h5 Kc7 46. h6 Kb7 47. h7 Kc7 48. h8=R Kb7 49. Rg6 Kc7 50.
Rh7+ Kd8 51. Rg8# { Black checkmated } 1-0

[Event "ICC tourney 2523 (60 10)"]
[Site "Internet Chess Club"]
[Date "2021.04.18"]
[Round "4"]
[White "EPPEL, NATHAN:NathanE42"]
[Black "MISCHLER, ELISE:SABHEMischler"]
[Result "0-1"]
[ICCResult "White checkmated"]
[WhiteElo "961"]
[BlackElo "614"]
[Opening "Scotch game"]
[ECO "C45"]
[NIC "SO.04"]
[Time "10:00:37"]
[PlyCount "90"]
[TimeControl "3600+10"]

1. e4 e5 2. Nf3 Nc6 3. d4 exd4 4. Nxd4 Nxd4 5. Qxd4 b6 6. Qd5 c6 7. Qe5+
Ne7 8. Bd3 d6 9. Qg3 g6 10. Bf4 Bg7 11. Bxd6 Bxb2 12. Bc7 Qd7 13. O-O Bxa1
14. c3 O-O 15. Be2 f5 16. Bc4+ Nd5 17. exd5 cxd5 18. Bd3 Qc6 19. Rc1 d4 20.
Na3 Bb2 21. Bc4+ Be6 22. Bxe6+ Qxe6 23. Rf1 Bxa3 24. f3 dxc3 25. Re1 Qc6
26. Be5 c2 27. Bd6 Bxd6 28. Qg5 f4 29. Qh6 c1=Q 30. Rxc1 Qxc1+ 31. Kf2 Qd2+
32. Kf1 Rae8 33. Qh4 Rf7 34. Qf2 Qxf2+ 35. Kxf2 Bc5+ 36. Kf1 Rfe7 37. g4
Re1+ 38. Kg2 R8e2+ 39. Kh3 Kg7 40. g5 h6 41. gxh6+ Kxh6 42. a4 Rh1 43. Kg4
Rhxh2 44. a5 Rhg2+ 45. Kxf4 Bd6# { White checkmated } 0-1

[Event "ICC tourney 2523 (60 10)"]
[Site "Internet Chess Club"]
[Date "2021.04.18"]
[Round "4"]
[White "LI, RUI-XING:Ruixing"]
[Black "SIMMONS, ZION:ZionSimmons"]
[Result "0-1"]
[ICCResult "White checkmated"]
[WhiteElo "568"]
[BlackElo "987"]
[Opening "King's Indian: 5.Nf3"]
[ECO "E90"]
[NIC "KI.22"]
[Time "10:00:55"]
[PlyCount "108"]
[TimeControl "3600+10"]

1. d4 Nf6 2. c4 g6 3. Nc3 Bg7 4. e4 d6 5. Nf3 Bg4 6. Be2 Bxf3 7. Bxf3 Nbd7
8. O-O O-O 9. Be3 Rc8 10. Qd2 c5 11. d5 Ne5 12. Be2 Nfg4 13. Bxg4 Nxg4 14.
h3 Nxe3 15. Qxe3 e6 16. f4 Bd4 17. Rfe1 Bxe3+ 18. Rxe3 exd5 19. cxd5 Re8
20. Rg3 Qf6 21. f5 Qh4 22. Rg4 Qe7 23. h4 Kh8 24. Re1 gxf5 25. Rf4 Qe5 26.
Rxf5 Qxf5 27. exf5 Rxe1+ 28. Kf2 Rc1 29. Kg3 Rxc3+ 30. bxc3 Kg7 31. c4 a6
32. a4 Rb8 33. Kf3 b5 34. Ke3 bxa4 35. Kd3 a3 36. Kc2 a2 37. Kd3 a1=Q 38.
Ke4 Qe5+ 39. Kf3 Qxf5+ 40. Kg3 Rb3+ 41. Kh2 a5 42. Kg1 Qg4 43. h5 a4 44.
h6+ Kxh6 45. Kh2 a3 46. Kg1 a2 47. Kh1 Qe2 48. Kh2 a1=N 49. Kg1 Nc2 50. Kh2
Qf2 51. Kh1 Nd4 52. Kh2 Ne2 53. Kh1 Rh3+ 54. gxh3 Ng3# { White checkmated }
0-1

[Event "ICC tourney 2523 (60 10)"]
[Site "Internet Chess Club"]
[Date "2021.04.18"]
[Round "4"]
[White "Marshalleck, David T:LionsDavidM"]
[Black "GALPERIN, BENJAMIN:BG1015"]
[Result "0-1"]
[ICCResult "White checkmated"]
[WhiteElo "833"]
[BlackElo "748"]
[Opening "Four knights: Italian variation"]
[ECO "C47"]
[NIC "KP.06"]
[Time "10:00:37"]
[PlyCount "52"]
[TimeControl "3600+10"]

1. e4 e5 2. Nf3 Nc6 3. Nc3 Nf6 4. Bc4 Nxe4 5. Nxe4 d5 6. Bd3 dxe4 7. Bxe4
Bg4 8. c3 Bc5 9. b4 Be7 10. Bb2 O-O 11. d4 f6 12. d5 Nb8 13. Qb3 Rf7 14.
O-O c6 15. Rfd1 Qb6 16. Rd3 f5 17. Bxf5 Rxf5 18. d6+ Kf8 19. dxe7+ Kxe7 20.
Rad1 e4 21. Rd7+ Nxd7 22. Qc4 exf3 23. Qe4+ Re5 24. Qxg4 Rd8 25. Qh4+ Nf6
26. c4 Rxd1# { White checkmated } 0-1

[Event "ICC tourney 2523 (60 10)"]
[Site "Internet Chess Club"]
[Date "2021.04.18"]
[Round "4"]
[White "FLORES, MILES GREGORIO  DOWSHEN :MilesFlores"]
[Black "Romolo, Ryan M:Ryro2013"]
[Result "1-0"]
[ICCResult "Black checkmated"]
[WhiteElo "660"]
[BlackElo "886"]
[Opening "Sicilian defense"]
[ECO "B41"]
[NIC "SI.43"]
[Time "10:01:26"]
[PlyCount "111"]
[TimeControl "3600+10"]

1. e4 c5 2. Nf3 e6 3. d4 cxd4 4. Qxd4 Nc6 5. Qd1 Qb6 6. Nc3 Bb4 7. Be3 Qa5
8. Qd2 Nf6 9. Bd3 d6 10. a3 Bxc3 11. Qxc3 Qxc3+ 12. bxc3 e5 13. O-O Bg4 14.
h3 Be6 15. Bb5 O-O 16. Bxc6 bxc6 17. Rab1 a6 18. Rb6 Bd7 19. Rd1 Nxe4 20.
Ng5 Nxc3 21. Rxd6 Rfd8 22. Rb7 Ne2+ 23. Kf1 f6 24. Rdxd7 fxg5 25. Rxg7+ Kf8
26. Bc5+ Ke8 27. Rbe7+ Kf8 28. Ref7+ Ke8 29. Kxe2 Rd5 30. Be7 Ra7 31. Rxh7
Rdd7 32. Rf5 Rxe7 33. Rxe7+ Rxe7 34. Rxg5 Rb7 35. Rxe5+ Kd7 36. g4 Rb2 37.
Kd2 Rb5 38. Rxb5 cxb5 39. Kc3 a5 40. g5 Ke6 41. Kd4 Kf5 42. Kc5 Kxg5 43.
Kxb5 Kh4 44. Kxa5 Kxh3 45. Kb6 Kg2 46. a4 Kxf2 47. a5 Ke2 48. a6 Kd2 49. a7
Kxc2 50. a8=Q Kc1 51. Qg2 Kb1 52. Qd2 Ka1 53. Kb5 Kb1 54. Kb4 Ka1 55. Kb3
Kb1 56. Qe1# { Black checkmated } 1-0

[Event "ICC tourney 2523 (60 10)"]
[Site "Internet Chess Club"]
[Date "2021.04.18"]
[Round "4"]
[White " TAM, EPHRAIM:EphraimT204"]
[Black "MARCAL, DAVID:BirchDavidM"]
[Result "1-0"]
[ICCResult "Black checkmated"]
[WhiteElo "836"]
[BlackElo "757"]
[Opening "Réti opening"]
[ECO "A04"]
[NIC "QP.11"]
[Time "10:00:34"]
[PlyCount "113"]
[TimeControl "3600+10"]

1. Nf3 e6 2. g3 d5 3. Bg2 Nc6 4. O-O Bc5 5. Re1 Nf6 6. d3 O-O 7. Nbd2 e5 8.
e4 Re8 9. exd5 Nxd5 10. Nc4 Bf5 11. Ncxe5 Nxe5 12. Nxe5 Nf6 13. Bxb7 Rb8
14. Nc6 Rxe1+ 15. Qxe1 Qf8 16. Nxb8 Qxb8 17. Bg2 Nd7 18. h3 Bb4 19. c3 Bc5
20. d4 Bd6 21. g4 Bg6 22. Be4 Nf8 23. Bg2 Ne6 24. Qe2 Nf4 25. Bxf4 Bxf4 26.
Re1 f6 27. Bd5+ Kh8 28. Bc6 h6 29. Be8 Bxe8 30. Qxe8+ Qxe8 31. Rxe8+ Kh7
32. Ra8 Bc1 33. Rxa7 Bxb2 34. Rxc7 Ba3 35. Ra7 Bb2 36. a4 Bxc3 37. d5 Be5
38. a5 Kg6 39. a6 Bb8 40. Rb7 Be5 41. a7 f5 42. gxf5+ Kxf5 43. a8=Q Kf6 44.
Qf8+ Kg6 45. Qf7+ Kg5 46. Kg2 g6 47. Qe7+ Kh5 48. Qxe5+ g5 49. Rb4 Kg6 50.
Rb6+ Kh5 51. Rb1 Kg6 52. d6 Kh5 53. d7 Kg6 54. d8=Q Kh5 55. Qde8+ Kh4 56.
Rb4+ g4 57. Qf6# { Black checkmated } 1-0

[Event "ICC tourney 2523 (60 10)"]
[Site "Internet Chess Club"]
[Date "2021.04.18"]
[Round "4"]
[White "MAK, OLIVER CHAN:Oliver1004"]
[Black "KHALIZOV, RASSUL:rassulk"]
[Result "0-1"]
[ICCResult "White checkmated"]
[WhiteElo "736"]
[BlackElo "829"]
[Opening "Petrov's defense"]
[ECO "C42"]
[NIC "RG.03"]
[Time "10:01:46"]
[PlyCount "54"]
[TimeControl "3600+10"]

1. e4 e5 2. Nf3 Nf6 3. Nxe5 Nc6 4. Nxc6 dxc6 5. Nc3 Bc5 6. d3 Bg4 7. Be2
Bxe2 8. Qxe2 Qd6 9. Be3 Bxe3 10. fxe3 h5 11. d4 a6 12. e5 Qb4 13. Qd3 Nd5
14. a3 Qxb2 15. Rb1 Qxc3+ 16. Qxc3 Nxc3 17. Rxb7 Nb5 18. O-O Kd8 19. a4 Kc8
20. axb5 Kxb7 21. bxc6+ Kxc6 22. Rxf7 Rab8 23. Rxg7 Rb2 24. c4 Rc2 25. c5
Kd5 26. Rxc7 Rf8 27. c6 Rc1# { White checkmated } 0-1

[Event "ICC tourney 2523 (60 10)"]
[Site "Internet Chess Club"]
[Date "2021.04.18"]
[Round "4"]
[White "SRINIVAS, AASHISH:aashish1212"]
[Black "Han, Eleanor JA:EleanorH"]
[Result "0-1"]
[ICCResult "White resigns"]
[WhiteElo "676"]
[BlackElo "824"]
[Opening "Scandinavian (center counter) defense"]
[ECO "B01"]
[NIC "VO.17"]
[Time "10:00:48"]
[PlyCount "106"]
[TimeControl "3600+10"]

1. e4 d5 2. f3 Nf6 3. exd5 Qxd5 4. Nc3 Qa5 5. Bd3 c6 6. Nge2 e6 7. O-O Bd6
8. f4 O-O 9. Ng3 Qc7 10. Qf3 b6 11. Nh5 Nxh5 12. Qxh5 h6 13. Qf3 Bb7 14.
Be4 Nd7 15. d3 f5 16. Bxf5 Rxf5 17. Qg3 Raf8 18. Ne4 Bxf4 19. Bxf4 Rxf4 20.
Rxf4 Qxf4 21. Qxf4 Rxf4 22. Nd6 Nc5 23. b4 Nxd3 24. Nxb7 Nxb4 25. g3 Rf7
26. Nd6 Rd7 27. Nc4 Nxc2 28. Rc1 Nb4 29. a3 Nd3 30. Rd1 e5 31. Nb2 e4 32.
Nc4 b5 33. Na5 Ne5 34. Rf1 c5 35. Re1 Rd4 36. Nb3 Nf3+ 37. Kf2 Nxe1 38.
Nxd4 cxd4 39. Kxe1 d3 40. Kd2 a5 41. Ke3 b4 42. axb4 axb4 43. Kd2 e3+ 44.
Kxd3 b3 45. Kxe3 b2 46. Kd2 b1=Q 47. Ke3 Qh1 48. Kf4 Qxh2 49. Kg4 h5+ 50.
Kf4 Kf7 51. Kf3 Kf6 52. Kf4 Qf2+ 53. Ke4 Ke6 { White resigns } 0-1

[Event "ICC tourney 2523 (60 10)"]
[Site "Internet Chess Club"]
[Date "2021.04.18"]
[Round "4"]
[White "CHEN, LUKE:lukeychen"]
[Black "Skanda, Saurav:sauravs"]
[Result "0-1"]
[ICCResult "White resigns"]
[WhiteElo "340"]
[BlackElo "781"]
[Opening "Sicilian defense"]
[ECO "B20"]
[NIC "SI.48"]
[Time "10:00:36"]
[PlyCount "64"]
[TimeControl "3600+10"]

1. e4 c5 2. d3 d6 3. Nf3 Nf6 4. Bf4 g6 5. Nc3 Bg7 6. Be2 O-O 7. O-O Nc6 8.
Bg5 Bd7 9. Nh4 Rc8 10. Rc1 Re8 11. Bf3 Nd4 12. h3 Nxf3+ 13. Qxf3 c4 14.
dxc4 Rxc4 15. Nd1 Nxe4 16. Ne3 Nxg5 17. Qg3 Rc5 18. b4 Ne4 19. Qf3 Nd2 20.
Qe2 Nxf1 21. Nxf1 Rc8 22. Ng3 Qb6 23. Rf1 Qxb4 24. Nf3 Qb2 25. Nd2 Rxc2 26.
Rd1 Bc3 27. Nge4 Bxd2 28. Nxd2 Bb5 29. Qxb5 Qxb5 30. Rf1 Rxd2 31. Kh2 Qe5+
32. Kg1 Rc8 { White resigns } 0-1

[Event "ICC tourney 2523 (60 10)"]
[Site "Internet Chess Club"]
[Date "2021.04.18"]
[Round "4"]
[White "DAWDA, MAADHAV:maadhavd"]
[Black "MOU, BENJAMIN:HCESBenjaminM"]
[Result "1-0"]
[ICCResult "Black checkmated"]
[WhiteElo "707"]
[BlackElo "797"]
[Opening "Two knights defense (Modern bishop's opening)"]
[ECO "C55"]
[NIC "IG.01"]
[Time "10:00:53"]
[PlyCount "123"]
[TimeControl "3600+10"]

1. e4 e5 2. Nf3 Nc6 3. Bc4 Nf6 4. d3 h6 5. O-O Bc5 6. Be3 Bb6 7. Nc3 O-O 8.
Bxb6 axb6 9. Bb5 d6 10. Bxc6 bxc6 11. h3 Be6 12. Ne2 Qd7 13. c4 d5 14. exd5
cxd5 15. b3 dxc4 16. dxc4 Qd6 17. Qxd6 cxd6 18. Nc3 d5 19. cxd5 Bxd5 20.
Nxd5 Nxd5 21. Nxe5 Rfe8 22. Nf3 Re2 23. Rfd1 Nc3 24. Rd2 Rxd2 25. Nxd2 Rxa2
26. Rxa2 Nxa2 27. Nc4 b5 28. Nd2 Kf8 29. f3 Ke7 30. Kf2 Kf6 31. Ke3 Ke5 32.
Kd3 Kd5 33. Ne4 Nb4+ 34. Kd2 Kd4 35. Nc3 Kc5 36. Ne4+ Kd4 37. Nc3 Kc5 38.
Ne4+ Kd5 39. Nc3+ Ke5 40. g3 f5 41. Nxb5 g5 42. Nc3 h5 43. Ne2 Nd5 44. Nc3
Nxc3 45. Kxc3 Kd5 46. b4 Kc6 47. Kd4 g4 48. fxg4 h4 49. gxh4 f4 50. Ke4 f3
51. Kxf3 Kb5 52. h5 Kxb4 53. h6 Kc5 54. h7 Kd6 55. h8=Q Ke7 56. Qh6 Kf7 57.
Qd6 Kg8 58. Qe7 Kh8 59. Kf4 Kg8 60. Kf5 Kh8 61. Kg6 Kg8 62. Qg7# { Black
checkmated } 1-0

[Event "ICC tourney 2523 (60 10)"]
[Site "Internet Chess Club"]
[Date "2021.04.18"]
[Round "4"]
[White "CHEW, ATTICUS:AtticusChew"]
[Black "ADAMS, CAITLIN ALA-TOH S:kyrgyzcait"]
[Result "1-0"]
[ICCResult "Black checkmated"]
[WhiteElo "642"]
[BlackElo "802"]
[Opening "French: Steinitz variation"]
[ECO "C11"]
[NIC "FR.04"]
[Time "10:00:46"]
[PlyCount "83"]
[TimeControl "3600+10"]

1. e4 e6 2. d4 d5 3. Nc3 Nf6 4. e5 Nfd7 5. Nf3 c5 6. Be3 b6 7. Bb5 Be7 8.
O-O O-O 9. Bd3 Nc6 10. dxc5 bxc5 11. Na4 c4 12. Be2 Re8 13. c3 Nf8 14. Nd4
Nxe5 15. Nf3 Ng4 16. Nc5 Ng6 17. h3 Nf6 18. Bd4 Nh5 19. Ne5 Nhf4 20. Nxg6
Nxg6 21. Bh5 Qd6 22. Re1 Bd8 23. Bxg6 fxg6 24. Na4 Bc7 25. Be5 Qe7 26. Bxc7
Qxc7 27. Re3 Rf8 28. Qd4 Bb7 29. Nc5 Qc6 30. Nxb7 Qxb7 31. Rxe6 Qxb2 32.
Rae1 Qxa2 33. R1e5 Rab8 34. Qe3 Rb1+ 35. Kh2 h6 36. Re8 Rxe8 37. Rxe8+ Kh7
38. Qe7 Qxf2 39. Rf8 Qd2 40. Rf7 Kh8 41. Qf8+ Kh7 42. Qxg7# { Black
checkmated } 1-0